 Dungeon Crawl Stone Soup version 0.28.0 (webtiles) character file.

Game seed: 3228609059719579822

18 multipassport the Cudgeller (level 2, 0/15 HPs)
             Began as a Vine Stalker Gladiator on Feb 12, 2022.
             Slain by Terence (4 damage)
             ... on level 2 of the Dungeon.
             The game lasted 00:02:46 (1059 turns).

multipassport the Cudgeller (VSGl)                  Turns: 1059, Time: 00:02:47

Health: 0/15       AC: 11    Str: 16    XL:     2   Next: 70%
Magic:  0/3        EV:  5    Int:  8    God:
Gold:   31         SH:  0    Dex: 15    Spells: 1/1 levels left

rFire   . . .      SeeInvis .   a - +0 flail
rCold   . . .      Faith    .   (no shield)
rNeg    . . .      Spirit   +   h - +0 plate armour
rPois   .          Reflect  .   b - +1 hat
rElec   .          Harm     .   (no cloak)
rCorr   .          Rampage  .   (no gloves)
Will    .....                   (no boots)
Stlth   ..........              (no amulet)
HPRegen 0.05/turn               (no ring)
MPRegen 0.08/turn               (no ring)

@: no status effects
A: fangs 2, magic shield, antimagic bite, no potion heal 2
a: no special abilities


You were on level 2 of the Dungeon.
You visited 1 branch of the dungeon, and saw 2 of its levels.

You collected 31 gold pieces.

Inventory:

Hand Weapons
 a - a +0 flail (weapon)
Missiles
 d - 5 throwing nets (quivered)
Armour
 b - a +1 hat (worn)
 c - a +0 helmet
 h - a +0 plate armour (worn)
Scrolls
 f - a scroll of identify {unknown}
 g - a scroll of fear {unknown}
Potions
 e - 2 potions of curing {unknown}


   Skills:
 + Level 2.1 Fighting
 + Level 2.9 Maces & Flails
 - Level 1.7 Throwing
 + Level 0.7 Armour
 + Level 2.6 Dodging


You had one spell level left.
You didn't know any spells.
Your spell library contained the following spells:

 Spells                   Type           Power      Damage    Failure   Level
 Dazzling Flash           Conj/Hex       0%         N/A       100%        3
 Agony                    Necr           0%         N/A       100%        5
 Silence                  Hex/Air        0%         N/A       100%        5


Dungeon Overview and Level Annotations

Branches:
Dungeon (2/15)

Altars:

Annotations:
D:2 Terence


Innate Abilities, Weirdness & Mutations

You have extremely sharp teeth.
When hurt, damage is shared between your health and your magic reserves.
Your bite disrupts and absorbs the magic of your enemies.
Potions cannot restore your health.


Message History

You hit the giant cockroach.
You kill the giant cockroach!
HP restored.
You now have 31 gold pieces (gained 8).
Found a glowing hat.
You see here a +1 hat.
b - a +1 hat You start removing your armour.
You continue taking off your +0 helmet. x4
You finish taking off your +0 helmet.
You start putting on your armour.
You continue putting on your +1 hat. x5
You finish putting on your +1 hat.
Found a stone staircase leading up and a stone staircase leading down.
You open the door.
There is an open door here.
Terence the Incautious comes into view.
He is wielding a +0 flail.
You see here a +0 hand axe.
You hit Terence but do no damage. Your bite misses Terence.
Terence hits you with a +0 flail. Terence hits you but does no damage.
You hit Terence. You bite Terence, but do no damage.
Terence is lightly wounded.
Terence hits you but does no damage.
You completely miss Terence. You bite Terence. You drain his power.
Terence is moderately wounded.
Terence completely misses you.
You hit Terence.
Terence is moderately wounded.
Terence hits you with a +0 flail.
You barely miss Terence.
Terence is moderately wounded.
Terence hits you but does no damage. x2
You closely miss Terence. You bite Terence. You drain his power.
You feel invigorated.
Terence is moderately wounded.
Terence hits you with a +0 flail!
Ouch! That really hurt!
* * * LOW HITPOINT WARNING * * *
You sock Terence!
Terence is severely wounded.
Terence hits you with a +0 flail.
You die...

.##.# #.#.#.##.#.#.#
.##.# #.#.#.##.#.#.#
.##.#####.#.#.##.#.#.#
..........#.#.##.#.#.#
...............#.#.#.#
...............#.#.#.#
........†.≈≈≈≈.......#
.##.###...≈≈≈≈)#######
.#........≈≈≈.≈.@@...#
....###...≈≈...#####.#
....# #...P.P.P# ...
#....##### #.####


You could see Terence.

Vanquished Creatures
  A dart slug (D:1)
  2 endoplasms (D:1)
  2 giant cockroaches
  A goblin (D:1)
  3 hobgoblins (D:1)
  A quokka (D:1)
  2 ball pythons
  A bat (D:1)
  2 rats (D:1)
15 creatures vanquished.

Vanquished Creatures (others)
  5 fungi (D:2)
  A plant (D:2)
6 creatures vanquished.

Grand Total: 21 creatures vanquished

Notes
Turn   | Place    | Note
-------+----------+-------------------------------------------
     0 | D:1      | multipassport the Vine Stalker Gladiator began the quest
                  | for the Orb.
     0 | D:1      | Reached XP level 1. HP: 11/11 MP: 2/2
   381 | D:1      | Reached XP level 2. HP: 13/15 MP: 3/3
  1050 | D:2      | Noticed Terence
  1059 | D:2      | Slain by Terence

Illustrated notes

Levels and vault maps discovered:
D:1:      eino_arrival_tree_alley, layout_basic
D:2:      layout_basic, serial_undead, serial_undead_c, serial_undead_d,
          serial_undead_e, serial_undead_d, serial_undead_f, serial_undead_a,
          serial_undead_c, serial_undead_d,
          shapermc_ecumenical_altar_hornbeckon, uniq_terence

Skill      XL: |  1  2 |
---------------+-------+-----
Fighting       | 2 |  2.1
Maces & Flails | |  2.9
Throwing       | |  1.7
Armour         | |  0.7
Dodging        | |  2.6

Action                   || total
-------------------------++-------
Melee: Flail             ||    46
       Bite              ||     8
Armor: Leather armour    ||     6
       Plate armour      ||    17
Dodge: Dodged            ||    21
